Map: Orbital Shipyard

Players

Xymox - Winner!

  • Race: Zerg Zerg
  • League: Silver

LilDicky

  • Race: Zerg Zerg
  • League: Diamond

VOD

http://www.twitch.tv/tumescentpie

Description

Time

  • Played on: Dec. 11, 2015, 5:33 p.m.
  • Length: 1:59
Show
View Real Time Build Order
Export as new Build Order

Xymox Zerg - Winner!

Build Orders: Pool Only 

Get SALT Encoding   

  12  0:01  Drone  
  13  0:08  Drone  
  13  0:13  Extractor  
  13  0:16  Drone  
  14  0:28  Overlord  
  14  0:43  Spawning Pool  
  14  0:46  Drone  
  14  0:59  Drone x2  
  14  1:01  Drone  
  17  1:10  Drone  
  18  1:21  Drone  
  19  1:45  Spine Crawler  
Show
View Real Time Build Order
Export as new Build Order

LilDicky Zerg 

Build Orders:  

Get SALT Encoding   

  12  0:08  Drone x2  
  14  0:29  Extractor x2  
  14  0:30  Drone x2  
  16  1:04  Overlord  
Tags
 
Add a new tag
Caveats
  • Supply blocks, unpowered buildings, or Contaminate may cause inaccurate times.
  • Supply counts are checked every 10 seconds.